 Dungeon Crawl Stone Soup version 0.17.1-2-g5865329 (webtiles) character file.

191 Origami the Grave Robber (level 6, 0/41 HPs)
             Began as a Human Necromancer on Feb 10, 2016.
             Slain by ChunderTock's ghost (4 damage)
             ... on level 5 of the Dungeon.
             The game lasted 00:26:47 (3764 turns).

Origami the Grave Robber (Human Necromancer)        Turns: 3764, Time: 00:26:47

Health: 0/41       AC:  3    Str:  8    XL:     6   Next: 2%
Magic:  11/11      EV:  7    Int: 17    God:
Gold:   204        SH:  0    Dex: 14    Spells: 4 memorised, 3 levels left

rFire  . . .     SeeInvis .     v - +0 quarterstaff (crush)
rCold  . . .     Clarity  .     a - +0 robe
rNeg   . . .     SustAt   .     (shield currently unavailable)
rPois  .         Gourm    .     (no helmet)
rElec  .         Spirit   .     j - +0 cloak
rCorr  .         Warding  .     (no gloves)
rMut   .         Stasis   .     (no boots)
MR     +....                    (no amulet)
Stlth  ++........               (no ring)
                                s - ring of protection from magic

@: somewhat resistant to hostile enchantments, unstealthy
A: no striking features
a: no special abilities


You were on level 5 of the Dungeon.
You were not hungry.

You visited 1 branch of the dungeon, and saw 5 of its levels.

You collected 204 gold pieces.

Inventory:

Hand Weapons
 l - a +0 short sword
 v - a +0 quarterstaff of crushing (weapon)
Armour
 a - a +0 robe (worn)
 j - a +0 cloak (worn)
Jewellery
 s - a ring of protection from magic (left hand)
Wands
 c - a wand of cold (11)
 k - a wand of heal wounds (6)
Scrolls
 m - a scroll of teleportation
 t - a scroll of fear {unknown}
Potions
 d - 2 potions of heal wounds
 e - a potion of haste
 n - a potion of agility
 o - a potion of brilliance
 p - 2 potions of lignification {unknown}
Books
 b - a book of Necromancy

   Spells                             Type                      Level
   a - Pain                           Necromancy                   1
   b - Animate Skeleton               Necromancy                   1
   c - Vampiric Draining              Necromancy                   3
   d - Regeneration                   Charms/Necromancy            3
   e - Animate Dead                   Necromancy                   4
   f - Control Undead                 Necromancy                   4
 r - a book of Clouds

   Spells                             Type                      Level
   a - Mephitic Cloud                 Conjuration/Poison/Air       3
   b - Conjure Flame                  Conjuration/Fire             3
   c - Poisonous Cloud                Conjuration/Poison/Air       6
   d - Freezing Cloud                 Conjuration/Ice/Air          6
   e - Ring of Flames                 Charms/Fire                  7
Comestibles
 f - a meat ration
 g - a royal jelly
 h - 2 fruits
 i - a beef jerky
 q - 2 bread rations
 u - a chunk of flesh


   Skills:
 + Level 2.1 Dodging
 + Level 2.1 Stealth
 * Level 3.7 Spellcasting
 * Level 5.6 Necromancy


You had 3 spell levels left.
You knew the following spells:

 Your Spells              Type           Power        Failure   Level  Hunger
a - Pain                  Necr           ###.         1%          1    None
b - Animate Skeleton      Necr           N/A          1%          1    None
c - Vampiric Draining     Necr           ###.......   6%          3    ###....
d - Animate Dead          Necr           N/A          17%         4    ####...


Dungeon Overview and Level Annotations

Branches:
Dungeon (5/15)
 Temple: D:4-7

Altars:
Ashenzari

Annotations:
D:4 Gomorra's ghost, novice DDBe
D:5 ChunderTock's ghost, novice KoBe


Message History

ChunderTock's ghost hits you!
* * * LOW HITPOINT WARNING * * *
You closely miss ChunderTock's ghost.
ChunderTock's ghost is lightly damaged.
ChunderTock's ghost hits you but does no damage.
You hit ChunderTock's ghost.
ChunderTock's ghost is moderately damaged.
ChunderTock's ghost closely misses you. ChunderTock's ghost hits you.
* * * LOW HITPOINT WARNING * * *
You hit ChunderTock's ghost.
ChunderTock's ghost is heavily damaged.
ChunderTock's ghost hits you!
* * * LOW HITPOINT WARNING * * *
ChunderTock's ghost barely misses you.
ChunderTock's ghost hits you but does no damage.
There is a stone staircase leading up here.
Found a scroll of identify.
There is a stone staircase leading down here.
ChunderTock's ghost hits you.
You die...

. .? ... ..
####.#+#.
#@.......
#W####... #....#
#.#..# #.##.# #
#...<#.#
#.#.##.##.#
######..........
#..............#


You could see ChunderTock's ghost.

Vanquished Creatures
  An orc priest (D:3)
  6 adders
  2 oozes
  2 worms
  2 giant geckos
  11 orcs
  4 giant cockroaches
  9 hobgoblins
  9 kobolds
  2 ball pythons
  7 bats
  2 giant newts
  8 goblins
  4 jackals
  A quokka (D:2)
  8 rats
78 creatures vanquished.

Vanquished Creatures (collateral kills)
  An ooze (D:4)
  An adder zombie (D:4)
  A ball python zombie (D:4)
3 creatures vanquished.

Grand Total: 81 creatures vanquished

Notes
Turn   | Place    | Note
--------------------------------------------------------------
     0 | D:1      | Origami the Human Necromancer began the quest for the Orb.
     0 | D:1      | Reached XP level 1. HP: 13/13 MP: 3/3
    31 | D:1      | Learned a level 1 spell: Animate Skeleton
   341 | D:1      | Reached XP level 2. HP: 17/19 MP: 3/5
   902 | D:2      | Found a shattered altar of Ashenzari.
   992 | D:2      | Reached XP level 3. HP: 22/24 MP: 3/6
  1435 | D:2      | Reached XP level 4. HP: 26/30 MP: 2/7
  1745 | D:3      | Reached skill level 5 in Necromancy
  2106 | D:2      | Learned a level 3 spell: Vampiric Draining
  2111 | D:2      | Learned a level 4 spell: Animate Dead
  2203 | D:3      | Reached XP level 5. HP: 32/35 MP: 0/9
  2241 | D:3      | HP: 1/35 [orc priest/divine providence (12)]
  3605 | D:4      | Reached XP level 6. HP: 38/41 MP: 7/11
  3673 | D:4      | Noticed Gomorra's ghost (novice DDBe)
  3735 | D:5      | Entered Level 5 of the Dungeon
  3735 | D:5      | Noticed ChunderTock's ghost (novice KoBe)
  3751 | D:5      | HP: 2/41 [ChunderTock's ghost (8)]
  3764 | D:5      | Slain by ChunderTock's ghost

Action                   |  1- 3 |  4- 6 || total
-------------------------+-------+-------++-------
Melee: Dagger            |     1 |       ||     1
       Short sword       |     3 |    14 ||    17
       Quarterstaff      |       |     7 ||     7
 Cast: Pain              |    51 |    93 ||   144
       Animate Skeleton  |     4 |     1 ||     5
       Animate Dead      |       |     6 ||     6
       Vampiric Draining |       |     1 ||     1
  Use: Scroll            |     3 |     2 ||     5
       Potion            |     3 |     2 ||     5
  Eat: Chunk             |     2 |     5 ||     7
       Bread ration      |       |     1 ||     1
